 Dungeon Crawl Stone Soup version 0.18.1-6-gd335043 (console) character file.

5830 Doll the Agent of Entropy (level 10, -4/57 HPs)
             Began as a Spriggan Abyssal Knight on May 20, 2016.
             Was a Priest of Lugonu.
             Slain by a manticore simulacrum (8 damage)
             ... summoned by Lugonu's corruption
             ... on level 10 of the Dungeon.
             The game lasted 01:00:49 (10628 turns).

Doll the Agent of Entropy (SpAK)                   Turns: 10628, Time: 01:00:50

Health: -4/57      AC:  7    Str: 10    XL:     10   Next: 51%
Magic:  10/17      EV: 20    Int: 22    God:    Lugonu [***...]
Gold:   393        SH:  0    Dex: 22    Spells: 1 memorised, 7 levels left

rFire  + . .     SeeInvis +     C - +7 hunting sling {velocity, *Contam +Inv Str+2 Int+8}
rCold  + . .     Gourm    .     L - +2 robe {rC+ rF+}
rNeg   . . .     Faith    .     (shield restricted)
rPois  .         Spirit   .     (helmet restricted)
rElec  .         Dismiss  .     h - +2 cloak
rCorr  .         Reflect  .     (gloves unavailable)
SustAt +         Harm     .     (boots unavailable)
MR     +....                    (no amulet)
Stlth  ++++......               f - ring of sustain attributes
                                o - +5 ring of dexterity

@: lethally poisoned (-4 -> -6), very slightly contaminated, very quick,
somewhat resistant to hostile enchantments, stealthy
A: unfitting armour, see invisible, clumsy 1, herbivore 3, speed 3, slow
metabolism 2
a: Depart the Abyss, Bend Space, Banish, Renounce Religion, Evoke Invisibility


You were on level 10 of the Dungeon.
You worshipped Lugonu.
Lugonu was most pleased with you.
You were not hungry.

You visited 1 branch of the dungeon, and saw 10 of its levels.
You visited the Abyss 1 time.
You also visited: Sewer.

You collected 393 gold pieces.

Inventory:

Hand Weapons
 a - a +2 short sword
 C - the +7 hunting sling of the Saviour (weapon) {velocity, *Contam +Inv Str+2 Int+8}
   (You found it on level 5 of the Dungeon)

   Any stone fired from it inflicts extra damage.
   It affects your strength (+2).
   It affects your intelligence (+8).
   It lets you turn invisible.
   It causes magical contamination when unequipped.
 K - a +0 dagger of chaos
 O - a +2 arbalest of flaming
Missiles
 B - 44 sling bullets (quivered)
 F - 86 stones
Armour
 h - a +2 cloak (worn)
 L - a +2 robe of resistance (worn)
Jewellery
 f - a ring of sustain attributes (right hand)
 o - a +5 ring of dexterity (left hand)
Wands
 k - a wand of flame (24/48)
 s - a wand of slowing (48/48)
 t - a wand of lightning (0/15)
 u - a wand of polymorph (13/24)
Scrolls
 d - 2 scrolls of remove curse
 n - 2 scrolls of enchant armour
 r - a scroll of fear {unknown}
 v - 3 scrolls of magic mapping
 y - a scroll of recharging
 D - a scroll of brand weapon {unknown}
 G - a scroll of enchant weapon
 J - a scroll of fog {unknown}
 M - a scroll of teleportation
Potions
 b - a potion of mutation
 e - 7 potions of heal wounds
 g - 4 potions of brilliance
 j - a potion of ambrosia
 l - 2 potions of curing
 m - a potion of agility
 p - a potion of might
 q - a potion of cure mutation
 w - 4 potions of flight
 x - 4 potions of haste
 H - a potion of resistance
 N - a potion of magic {unknown}
Books
 z - a book of Debilitation

   Spells                             Type                      Level
   a - Corona                         Hexes                        1
   b - Slow                           Hexes                        2
   c - Gell's Gravitas                Hexes/Translocation          3
   d - Inner Flame                    Hexes/Fire                   3
   e - Cause Fear                     Hexes                        4
   f - Leda's Liquefaction            Hexes/Earth                  4
Comestibles
 c - 3 bread rations
 i - 6 fruits
 I - a slice of pizza


   Skills:
 + Level 8.8 Fighting
 - Level 7.9 Short Blades
 - Level 4.4 Slings
 - Level 3.5 Dodging
 - Level 5.2 Stealth
 - Level 9.0 Invocations


You had 7 spell levels left.
You knew the following spells:

 Your Spells              Type           Power        Failure   Level  Hunger
a - Slow                  Hex            #.......     24%         2    ###....


Dungeon Overview and Level Annotations

Branches:
Dungeon (10/15)            Temple (0/1) D:5            Lair (0/8) D:9
    Orc (0/2) D:9

Altars:
Dithmenos
Fedhas
Gozag
Kikubaaqudgha
Okawaru
Pakellas
Qazlal
Yredelemnul

Shops:
D:4 [   D:7 (==   D:8 !

Annotations:
D:10 corrupted
Abyss:1 Purgy


Innate Abilities, Weirdness & Mutations

You are tiny and cannot use many weapons and most armour.
You have supernaturally acute eyesight.
You are a herbivore.
You cover ground extremely quickly.
You need consume almost no food.
You are clumsy. (Dex -2)


Message History

The vampire mosquito misses the killer bee.
The worldbinder misses the killer bee.
The worldbinder closely misses the killer bee.
The chaos spawn barely misses the killer bee.
The swamp drake bites the killer bee!
The killer bee dies!
The small abomination is engulfed in roaring flames.
The big kobold hits the lich.
The hungry ghost hits the ynoxinul.
The thrashing horror tramples the thrashing horror.
The thrashing horror stumbles backwards!
You see here a potion of degeneration.
The thrashing horror tramples you but does no damage.
The thrashing horror closely misses you.
You feel a bit more experienced. The manticore simulacrum bites you!
The manticore simulacrum freezes you! You resist.
* * * LOW HITPOINT WARNING * * *
The manticore simulacrum claws you!
* * * LOW HITPOINT WARNING * * *
The manticore simulacrum freezes you! You resist.
You die...

#...#......##.....###
#.#
#...#....<........##
#.#
#.............###..##
#.# ###.........###
#...## #.#
####....### ##...##
#.# ###..# ##...# ###
##.### ##..####
#....#######....5#
##..#.#.3X.##...#..#
#...ZXX#...#..## #.#
#..#.@#.§.#....# .#
##.##.#X.†#....#
#.##.###†Rx...#
#######.#3DL3##
##.WK†.## #(.#yxk>...
#....)v#...#
#..W.......##
............#
##......(.#.#
#......K...


You could see a thrashing horror, a manticore simulacrum, a neutral thrashing
horror, a neutral large abomination and a neutral chaos spawn.

Vanquished Creatures
  Psyche (D:9)
  Joseph (D:7)
  A wraith (D:9)
  6 yaks
  A hippogriff (D:8)
  A hungry ghost (D:8)
  Menkaure (D:4)
  A water moccasin (D:8)
  Duvessa (D:7)
  A black bear (D:6)
  A sky beast (D:8)
  A wasp (D:7)
  3 ogres
  A centaur (D:6)
  3 giant frogs
  Dowan (D:7)
  5 scorpions
  A water moccasin skeleton (D:7)
  4 killer bees (D:8)
  2 howler monkeys
  A hound (D:7)
  2 quasits (D:9)
  3 jellies
  A centaur skeleton (D:6)
  A giant frog skeleton (D:7)
  4 orc priests
  6 orc wizards
  Jessica (D:3)
  4 worker ants
  Natasha (thrice) (D:3)
  Ijyb (D:3)
  A killer bee zombie (D:8)
  A hound zombie (D:9)
  A howler monkey zombie (D:6)
  8 adders
  2 gnolls (D:4)
  2 shadow imps
  An ooze (D:5)
  An adder skeleton (D:4)
  5 worms
  2 dart slugs
  6 giant geckos
  28 orcs
  4 giant cockroaches
  7 goblins
  8 hobgoblins
  4 jackals (D:2)
  6 quokkas
  5 ball pythons
  8 bats
  23 giant newts
  8 kobolds
  A quokka skeleton (D:4)
  2 quokka zombies
  7 rats
205 creatures vanquished.

Vanquished Creatures (others)
  The ghost of KrombopulosMichael the Nimble, a journeyman DsGl of Okawaru (D:9)
  The ghost of sargx the Grappler, a novice TrMo (D:5)
  A black bear (D:5)
  An ice beast (D:5)
  A phantom (D:4)
  An ogre (D:9)
  A centaur (D:8)
  A big kobold (D:10)
  5 killer bees (D:10)
  A lightning spire (D:5)
  A gnoll (D:4)
  2 kobolds (D:10)
  2 bushes (D:5)
19 creatures vanquished.

Grand Total: 224 creatures vanquished

Notes
Turn   | Place    | Note
--------------------------------------------------------------
     0 | Abyss:1  | Doll the Spriggan Abyssal Knight began the quest for the Orb.
     0 | Abyss:1  | Reached XP level 1. HP: 11/11 MP: 3/3
    68 | Abyss:2  | Noticed an iron imp
   138 | D:1      | Escaped the Abyss
   817 | D:1      | Reached * piety under Lugonu
   889 | D:1      | Reached XP level 2. HP: 16/16 MP: 4/4
  1216 | D:2      | Found an ancient bone altar of Kikubaaqudgha.
  1324 | D:1      | Reached XP level 3. HP: 18/19 MP: 5/5
  1467 | D:1      | Reached ** piety under Lugonu
  2579 | D:3      | Noticed Jessica
  2596 | D:3      | Killed Jessica
  2596 | D:3      | Reached skill level 5 in Short Blades
  2596 | D:3      | Reached XP level 4. HP: 23/23 MP: 6/6
  2613 | D:3      | Noticed Natasha
  2625 | D:3      | Killed Natasha
  2625 | D:3      | Reached skill level 2 in Invocations
  3260 | D:2      | Reached skill level 3 in Invocations
  3260 | D:2      | Reached XP level 5. HP: 19/27 MP: 6/8
  3652 | D:3      | Reached skill level 4 in Invocations
  3691 | D:3      | Noticed Natasha
  3716 | D:3      | Killed Natasha
  3730 | D:3      | Noticed Natasha
  3741 | D:3      | Killed Natasha
  3741 | D:3      | Reached XP level 6. HP: 6/32 MP: 10/10
  4047 | D:3      | Reached skill level 1 in Stealth
  4159 | D:3      | Reached *** piety under Lugonu
  4213 | D:3      | Noticed Ijyb
  4228 | D:3      | Killed Ijyb
  4395 | D:4      | Noticed Menkaure
  4405 | D:4      | Killed Menkaure
  4405 | D:4      | Reached skill level 5 in Stealth
  4486 | D:4      | Reached skill level 5 in Invocations
  4617 | D:4      | Reached XP level 7. HP: 34/35 MP: 11/11
  5080 | D:4      | Found Mirras's Armour Shoppe.
  5191 | D:5      | Entered Level 5 of the Dungeon
  5194 | D:5      | Reached skill level 6 in Invocations
  5210 | D:5      | Noticed sargx's ghost (novice TrMo)
  5226 | D:5      | Banished sargx's ghost
  5247 | D:4      | Reached skill level 7 in Invocations
  5484 | D:5      | Found an oddly glowing altar of Pakellas.
  5485 | D:5      | Noticed a seven-headed hydra
  5531 | D:5      | Found a staircase to the Ecumenical Temple.
  5743 | D:5      | Reached XP level 8. HP: 35/39 MP: 14/14
  5769 | D:5      | Found a glowing drain.
  5788 | Sewer    | Entered a sewer
  5853 | Sewer    | Noticed Purgy
  5868 | Sewer    | Banished Purgy
  5971 | D:6      | Reached skill level 8 in Invocations
  6662 | D:6      | Reached skill level 9 in Invocations
  7100 | D:7      | Found Yqaxig's Jewellery Boutique.
  7126 | D:7      | Found Colafreu's Jewellery Shop.
  7442 | D:7      | Noticed Joseph
  7455 | D:7      | Killed Joseph
  7606 | D:6      | Reached XP level 9. HP: 43/43 MP: 16/16
  7644 | D:5      | Got a bloodstained hunting sling
  7645 | D:5      | Identified the +7 hunting sling of the Saviour {velocity, *Contam +Inv Str+2 Int+8} (You found it on level 5 of the Dungeon)
  7652 | D:5      | Learned a level 2 spell: Slow
  7816 | D:7      | Found a blossoming altar of Fedhas.
  7982 | D:7      | Noticed Duvessa
  7988 | D:7      | Noticed Dowan
  8011 | D:7      | Killed Duvessa
  8017 | D:7      | Killed Dowan
  8106 | D:7      | Found Soqoro's Antique Weapon Shoppe.
  8386 | D:8      | Reached **** piety under Lugonu
  8396 | D:8      | Found Vuev's Distillery.
  8609 | D:8      | Found a stormy altar of Qazlal.
  8641 | D:8      | Reached skill level 5 in Fighting
  9607 | D:9      | Reached XP level 10. HP: 38/53 MP: 17/17
  9737 | D:9      | Found a staircase to the Lair.
  9742 | D:9      | Found a staircase to the Orcish Mines.
  9854 | D:9      | Noticed Psyche
  9870 | D:9      | Noticed KrombopulosMichael's ghost (journeyman DsGl)
  9878 | D:9      | Killed Psyche
  9879 | D:9      | Banished KrombopulosMichael's ghost
 10045 | D:9      | Found an iron altar of Okawaru.
 10280 | D:9      | Found a basalt altar of Yredelemnul.
 10284 | D:9      | Found an opulent altar of Gozag.
 10287 | D:9      | Found a shadowy altar of Dithmenos.
 10368 | D:10     | Entered Level 10 of the Dungeon
 10368 | D:10     | Noticed a hill giant
 10376 | D:10     | Banished a hill giant
 10599 | D:10     | Gained mutation: You are clumsy. (Dex -2) [mutagenic glow]
 10621 | D:10     | Corrupted D:10
 10621 | D:10     | Noticed a bone dragon
 10621 | D:10     | Noticed a thrashing horror
 10621 | D:10     | Noticed a worldbinder
 10621 | D:10     | Noticed a thrashing horror
 10621 | D:10     | Noticed a lich
 10621 | D:10     | Noticed a thrashing horror
 10628 | D:10     | Slain by a manticore simulacrum

Skill      XL: |  1  2  3  4  5  6  7  8  9 10 |
---------------+-------------------------------+-----
Short Blades   | 3 5 7 |  7.9
Invocations    | 3 4 5 7 9 |  9.0
Stealth        | 5 |  5.2
Slings         | 4 |  4.4
Fighting       | 6 8 |  8.8
Dodging        | |  3.5

Action                   |  1- 3 |  4- 6 |  7- 9 | 10-12 || total
-------------------------+-------+-------+-------+-------++-------
Melee: Short sword       |   220 |   172 |   309 |       ||   701
       Hunting sling     |     5 |       |       |       ||     5
 Fire: Hunting sling     |     2 |       |   157 |    71 ||   230
Throw: Throwing net      |       |     5 |     5 |       ||    10
Invok: Depart the Abyss  |     1 |       |       |       ||     1
       Banish            |       |       |     9 |     2 ||    11
       Bend Space        |       |       |     1 |     1 ||     2
       Corrupt           |       |       |       |     1 ||     1
Evoke: Wand              |       |       |     4 |     2 ||     6
  Use: Scroll            |     4 |     1 |    14 |     3 ||    22
       Potion            |       |       |     2 |       ||     2
 Stab: Sleeping          |     3 |     4 |    12 |       ||    19
       Held in net/web   |       |     4 |     4 |       ||     8
  Eat: Bread ration      |       |     1 |     1 |       ||     2
Armor: Robe              |    25 |    16 |    38 |     3 ||    82
Dodge: Dodged            |   122 |   107 |   273 |    20 ||   522
